 Dungeon Crawl Stone Soup version 0.30-a0-859-gf88a04b62d (webtiles) character file.

Game seed: 3394512714790155847

4624 Dittersdorf the Fighter (level 10, 0/65 HPs)
             Began as a Gargoyle Fighter on Mar 6, 2023.
             Was an Initiate of Okawaru.
             Killed by divine providence
             ... invoked by an orc priest
              (12 damage)
             ... on level 9 of the Dungeon.
             The game lasted 00:08:26 (7934 turns).

Dittersdorf the Fighter (Gargoyle Fighter)          Turns: 7934, Time: 00:08:27

Health: 0/65       AC: 21    Str: 25    XL:     10   Next: 42%
Magic:  10/10      EV:  9    Int:  8    God:    Okawaru [......]
Gold:   503        SH:  0    Dex:  9    Spells: 9/9 levels left

rFire   . . .      SeeInvis .    z - +3 morningstar
rCold   . . .      Faith    .    c - +1 buckler
rNeg    + . .      Spirit   .    b - +0 scale mail
rPois   ∞          Reflect  .    g - +1 helmet
rElec   +          Rampage  .    t - +2 cloak
rCorr   .                        (no gloves)
Will    .....                    (no boots) Stlth
                                 i - amulet of the acrobat
HPRegen 0.30/turn                (no ring)
MPRegen 0.12/turn                (no ring)

@: confused
A: sickness immunity, AC +7, negative energy resistance 1, electricity
resistance, torment resistance 1, petrification resistance
a: Renounce Religion


You were on level 9 of the Dungeon.
You worshipped Okawaru.
Okawaru was noncommittal.
You visited 2 branches of the dungeon, and saw 10 of its levels.

You collected 503 gold pieces.

Inventory:

Hand Weapons
 z - a +3 morningstar (weapon)
Missiles
 n - 17 poisoned darts (quivered)
 y - a curare-tipped dart
Armour
 b - a +0 scale mail (worn)
 c - a +1 buckler (worn)
 g - a +1 helmet (worn)
 j - a +0 plate armour
 t - a +2 cloak (worn)
Jewellery
 f - a ring of flight
 i - an amulet of the acrobat (around neck)
Wands
 m - a wand of iceblast (22)
Scrolls
 h - 4 scrolls of teleportation
 k - 3 scrolls of magic mapping
 w - 4 scrolls of fog
Potions
 a - a potion of invisibility
 d - 3 potions of might
 e - 3 potions of curing
 l - a potion of flight
 o - a potion of magic {unknown}
 p - a potion of cancellation
 q - 2 potions of ambrosia
 r - a potion of mutation {unknown}
 s - 2 potions of resistance
 u - 3 potions of attraction {unknown}
 v - 2 potions of haste
 x - 3 potions of heal wounds {unknown}


   Skills:
 + Level 8.9 Fighting
 + Level 7.8 Maces & Flails
 + Level 8.9 Armour
 + Level 8.9 Shields


You had 9 spell levels left.
You didn't know any spells.
Your spell library contained the following spells:

 Spells                   Type           Power      Damage    Failure   Level
 Magic Dart               Conj           0%         1d3       73%         1
 Mephitic Cloud           Conj/Pois/Air  0%         N/A       97%         3
 Alistair's Intoxication  Tmut/Pois      0%         N/A       100%        5
 Borgnjor's Vile Clutch   Necr/Erth      0%         N/A       100%        5
 Freezing Cloud           Conj/Ice/Air   0%         6-21      100%        5
 Iskenderun's Battlesphe  Conj           0%         2d6       100%        5
 Eringya's Noxious Bog    Tmut/Pois      0%         N/A       100%        6
 Iron Shot                Conj/Erth      0%         9d1       100%        6
 Polar Vortex             Ice            0%         N/A       100%        9
 Summon Small Mammal      Summ           Unusable   N/A       N/A         1
 Call Imp                 Summ           Unusable   N/A       N/A         2
 Call Canine Familiar     Summ           Unusable   N/A       N/A         3
 Summon Guardian Golem    Hex/Summ       Unusable   N/A       N/A         3
 Simulacrum               Ice/Necr       Unusable   N/A       N/A         6
 Spellforged Servitor     Conj/Summ      Unusable   N/A       N/A         7

Dungeon Overview and Level Annotations

Branches:
Dungeon (9/15)             Temple (1/1) D:4
   Lair: D:8-11         Orc: D:9-12

Altars:
Dithmenos
Elyvilon
Fedhas
Gozag
Kikubaaqudgha
Makhleb
Nemelex Xobeh
Okawaru
Qazlal
Ru
Sif Muna
Uskayaw
Vehumet
Wu Jian
Xom
Yredelemnul
Zin


Innate Abilities, Weirdness & Mutations

You are immune to sickness and miasma.
Your stone body is resilient. (AC +7)
You are immune to poison.
You resist negative energy. (rN+)
You are resistant to electric shocks. (rElec)
You are resistant to unholy torment.
You are immune to petrification.


Message History

The orc's wounds heal themselves!
The orc wizard hits you but does no damage.
You hear some strange, mumbled words.
A puff of flame appears from out of thin air!
The puff of flame hits you but does no damage.
You hit the orc.
The orc is heavily wounded.
The orc hits you with a +0 short sword. The orc wizard closely misses you.
You hear some strange, mumbled words.
You are more confused.
You sock the orc!
You kill the orc!
Okawaru accepts your kill. The orc wizard barely misses you.
Something hits you but does no damage.
You closely miss the orc wizard.
The orc wizard points at you and mumbles some strange words.
The magic dart hits you but does no damage.
The wight hits you with a +3 dire flail.
Something hits you but does no damage.
You puncture something!
The orc wizard hits you but does no damage.
The wight hits you with a +3 dire flail.
* * * LOW HITPOINT WARNING * * *
Something hits you but does no damage.
You miss something. Something hits you but does no damage.
The orc wizard completely misses you.
The wight hits you with a +3 dire flail.
* * * LOW HITPOINT WARNING * * *
You miss the orc wizard.
The orc wizard hits you but does no damage.
The wight misses you. Something hits you but does no damage.
You impale the orc wizard!!
You kill the orc wizard!
Okawaru accepts your kill. The wight hits you but does no damage.
Something hits you but does no damage.
The wight hits you with a +3 dire flail.
* * * LOW HITPOINT WARNING * * *
The orc priest mumbles some strange prayers to Beogh against you.
Beogh smites you!
You die...

## ##.. .#
.....#########..##
.§§.......{z......
≈§≈......@o../...
.§§.§.#.##########
≈≈≈§§ #.# ...§ #.#
_ #.# #.# #.# #.#


You could see a wight and an orc priest.

Vanquished Creatures
  A polar bear (D:8)
  A hornet (D:7)
  A wyvern (D:8)
  A steam dragon (D:7)
  An acid dragon (D:6)
  2 water moccasins (D:7)
  6 black bears
  4 ice beasts
  2 sky beasts
  An ogre (D:6)
  6 centaurs
  2 wolves
  A kobold brigand (D:7)
  4 bullfrogs
  3 scorpions
  7 wights
  5 killer bees (D:8)
  An electric eel (D:8)
  2 howler monkeys
  2 jellies (D:6)
  5 orc priests
  A hound (D:4)
  Crazy Yiuf (D:3)
  2 iguanas (D:5)
  2 sleepcaps
  6 orc wizards
  3 gnolls (D:4)
  3 adders
  A shadow imp (D:7)
  A white imp (D:8)
  3 ufetubi
  A worm (D:4)
  A dart slug (D:2)
  25 orcs
  3 bats
  4 endoplasms
  2 hobgoblins
  6 jackals
  7 ball pythons
  5 frilled lizards
  6 goblins
  10 kobolds
  5 rats
156 creatures vanquished.

Vanquished Creatures (others)
  9 plants (D:3)
  4 withered plants (D:3)
13 creatures vanquished.

Grand Total: 169 creatures vanquished

Notes
Turn   | Place    | Note
-------+----------+-------------------------------------------
     0 | D:1      | Dittersdorf the Gargoyle Fighter began the quest for the
                  | Orb.
     0 | D:1      | Reached XP level 1. HP: 14/14 MP: 1/1
   270 | D:1      | Reached XP level 2. HP: 19/19 MP: 2/2
   873 | D:2      | Reached XP level 3. HP: 24/24 MP: 3/3
  1372 | D:3      | Reached XP level 4. HP: 29/29 MP: 4/4
  1532 | D:3      | Found a faded altar of an unknown god.
  1790 | D:3      | Found a runed translucent door.
  1791 | D:3      | Noticed Crazy Yiuf
  2219 | D:3      | Killed Crazy Yiuf
  2220 | D:3      | Reached XP level 5. HP: 23/33 MP: 5/5
  2433 | D:4      | Found a radiant altar of Vehumet.
  2497 | D:4      | Reached XP level 6. HP: 39/39 MP: 6/6
  2673 | D:4      | Found a staircase to the Ecumenical Temple.
  2680 | Temple   | Entered the Ecumenical Temple
  2871 | D:4      | Found a shadowy altar of Dithmenos.
  3094 | D:5      | Entered Level 5 of the Dungeon
  3804 | D:5      | Reached skill level 5 in Fighting
  3804 | D:5      | Reached skill level 5 in Armour
  3804 | D:5      | Reached skill level 5 in Shields
  4029 | D:5      | Reached XP level 7. HP: 44/44 MP: 7/7
  4576 | D:6      | Found a blossoming altar of Fedhas.
  4609 | D:6      | Reached XP level 8. HP: 51/51 MP: 8/8
  4900 | D:6      | Reached skill level 5 in Maces & Flails
  5145 | D:6      | Found a shimmering blue altar of Sif Muna.
  5249 | D:6      | Found an ornate altar of the Wu Jian Council.
  5323 | D:7      | Noticed a hornet
  5334 | D:7      | Killed a hornet
  5335 | D:7      | Reached XP level 9. HP: 38/57 MP: 9/9
  6601 | D:8      | Found a sparkling altar of Nemelex Xobeh.
  6605 | D:8      | Found a glowing silver altar of Zin.
  6818 | D:8      | Reached XP level 10. HP: 62/64 MP: 10/10
  7768 | D:8      | Found an iron altar of Okawaru.
  7849 | D:8      | Became a worshipper of Warmaster Okawaru
  7902 | D:9      | Found a basalt altar of Yredelemnul.
  7903 | D:9      | Found a sacrificial altar of Ru.
  7934 | D:9      | Killed from afar by an orc priest

Illustrated notes

Levels and vault maps discovered:
D:1:      onia_arrival_mini_spirals, layout_basic, minmay_crystal_room,
          solitary_fountain
D:2:      layout_rooms
D:3:      layout_basic, ebering_ecumenical_altar_petrified,
          lexackson_kobold_supper, uniq_crazy_yiuf_cottage
D:4:      layout_basic, nicolae_vehumet_radiance,
          nicolae_overflow_crystal_walls, minmay_temple_entry_crystal_x,
          dreamdust_mushroom_princess
D:5:      layout_loops_corners
D:6:      layout_basic, kennysheep_mini_moat, nzn_wu_jian_council_hall,
          led_sif_pool, corexii_checkpoint_a
D:7:      layout_layer_cave, amcnicky_mini_pool_medium
D:8:      layout_basic, marbit_many_paths, jmf_multi_god_temple, serial_ice,
          serial_ice_c, serial_ice_l, serial_ice_b, serial_ice_e
D:9:      layout_small_grid, mainiacjoe_overflow_concentric_impassable,
          nicolae_tso_swordbearing_angel, lemuel_tele_altar,
          lightli_temple_of_fire, due_unseen_surprise
Temple:   nicolae_temple_superstar

Skill      XL: |  1  2  3  4  5  6  7  8  9 |
---------------+----------------------------+-----
Shields        | 4 5 7 8 |  8.9
Fighting       | 4 5 7 8 |  8.9
Armour         | 4 5 7 8 |  8.9
Maces & Flails | 3 4 5 7 |  7.8

Action                     |  1- 3 |  4- 6 |  7- 9 | 10-12 || total
---------------------------+-------+-------+-------+-------++-------
  Melee: Flail             |   101 |   152 |       |       ||   253
         Morningstar       |       |    17 |   268 |   122 ||   407
  Throw: Dart              |       |     4 |       |       ||     4
    Use: Scroll            |       |    14 |     6 |       ||    20
 Armour: Scale mail        |    64 |   116 |   230 |    84 ||   494
  Dodge: Dodged            |    69 |    68 |   212 |    74 ||   423
  Block: Buckler           |    19 |    55 |   140 |    43 ||   257

Table legend: (Time is in decaauts)
 A = Elapsed time spent in this place.
 B = Non-inter-level travel time spent in this place.
 C = Inter-level travel time spent in this place.
 D = Time resting spent in this place.
 E = Time spent auto-exploring this place.
 F = Levels seen in this place.
 G = Mean time per level.
                   A        B        C        D        E       F      G
               +--------+--------+--------+--------+--------+-----+--------+
         Total |   8109 |   7801 |    308 |    775 |   5631 |  10 |  810.9 |
       Dungeon |   7970 |   7688 |    282 |    775 |   5525 |   9 |  885.6 |
        Temple |    139 |    113 |     26 |      0 |    106 |   1 |  139.0 |
               +--------+--------+--------+--------+--------+-----+--------+

Top non-repeatable levels by time:
     D:7: 1335 daAuts
     D:8: 1313 daAuts
     D:3: 1085 daAuts
     D:6: 1069 daAuts
     D:5: 1048 daAuts
     D:1: 846 daAuts
     D:4: 794 daAuts
     D:2: 410 daAuts
  Temple: 139 daAuts
     D:9: 65 daAuts
